 Dungeon Crawl Stone Soup version 0.30-a0-122-g2a1322497e (webtiles) character file.

Game seed: 4748409387912735917

66 BritishOli the Trooper (level 3, 0/29 HPs)
             Began as a Demonspawn Fighter on Sept 17, 2022.
             Hit by a stone thrown by a gnoll (2 damage)
             ... on level 2 of the Dungeon.
             The game lasted 00:01:20 (1859 turns).

BritishOli the Trooper (Demonspawn Fighter)         Turns: 1859, Time: 00:01:20

Health: 0/29       AC:  6    Str: 18    XL:     3   Next: 96%
Magic:  3/3        EV:  9    Int:  9    God:
Gold:   64         SH:  4    Dex: 12    Spells: 2/2 levels left

rFire   . . .      SeeInvis .    a - +0 long sword
rCold   . . .      Faith    .    c - +0 buckler
rNeg    . . .      Spirit   .    b - +0 scale mail
rPois   .          Reflect  .    (no helmet)
rElec   .          Harm     .    (no cloak)
rCorr   +          Rampage  .    (no gloves)
Will    .....                    (no boots)
Stlth   ..........               (no amulet)
HPRegen 0.09/turn                i - ring of resist corrosion
MPRegen 0.08/turn                (no ring)

@: no status effects
A: foul stench 1
a: no special abilities


You were on level 2 of the Dungeon.
You visited 1 branch of the dungeon, and saw 2 of its levels.

You collected 64 gold pieces.

Inventory:

Hand Weapons
 a - a +0 long sword (weapon)
Armour
 b - a +0 scale mail (worn)
 c - a +0 buckler (worn)
Jewellery
 i - a ring of resist corrosion (left hand)
Wands
 l - a wand of roots (4)
Scrolls
 e - a scroll of silence {unknown}
 f - a scroll of teleportation {unknown}
 g - a scroll of acquirement {unknown}
 h - a scroll of immolation {unknown}
 k - a scroll of identify {unknown}
Potions
 d - a potion of might
 j - a potion of curing {unknown}
 m - a potion of brilliance {unknown}
 n - a potion of resistance {unknown}


   Skills:
 + Level 3.5 Fighting
 + Level 2.4 Long Blades
 + Level 3.2 Armour
 + Level 3.2 Shields


You had 2 spell levels left.
You didn't know any spells.
Your spell library was empty.

Dungeon Overview and Level Annotations

Branches:
Dungeon (2/15)

Altars:


Innate Abilities, Weirdness & Mutations

You may rarely emit foul miasma when damaged in melee.


Message History

A gnoll comes into view. It is wielding a +0 flail.
The gnoll hits you with a +0 whip.
A gnoll comes into view. It is wielding a +0 spear.
There are monsters nearby!
You barely miss the gnoll.
The gnoll shouts!
A frilled lizard comes into view.
The gnoll hits you with a +0 whip.
There are monsters nearby!
You hit the gnoll but do no damage. The gnoll closely misses you. x2
There are monsters nearby!
There are monsters nearby!
You hit the gnoll.
The gnoll is lightly wounded.
The gnoll hits you with a +0 club. You block the gnoll's attack.
The gnoll closely misses you. The gnoll completely misses you.
The gnoll attacks as you move away! You block the gnoll's attack.
The gnoll attacks as you move away! The gnoll hits you with a +0 whip.
The gnoll attacks as you move away! The gnoll hits you but does no damage.
The gnoll attacks as you move away! The gnoll hits you with a +0 whip.
You emit a cloud of foul miasma!
The gnoll is engulfed in dark miasma.
The gnoll is poisoned.
The gnoll attacks as you move away! You block the gnoll's attack.
The gnoll attacks as you move away! The gnoll closely misses you.
The gnoll attacks as you move away! The gnoll hits you with a +0 whip.
The gnoll attacks as you move away! The gnoll hits you with a +0 whip!
* * * LOW HITPOINT WARNING * * *
You slash the gnoll!
The gnoll is almost dead.
You block the gnoll's attack.
You closely miss the gnoll.
The gnoll is almost dead.
You kill the gnoll!
You enter the shallow water.
Moving in this stuff is going to be slow.
The gnoll throws a stone.
The stone hits you.
* * * LOW HITPOINT WARNING * * *
The gnoll throws a stone.
You block the stone.
The gnoll throws a stone.
The stone hits you.
You die...

.#########.#............>....#...
...........####.#........<....###
.#...####### #...............# #
.#..># #####....#####..###
.#...#### ##...# #..... ........#
####....# #.#### ........#
##.##.#..# ##.## ........#
#........####...### ##...####
##@##.##........... #...#
#.##.#######...##. ##...# #.##.#
##..... <...## #.##.# ####..
....# #.##.# #.) .....# #.##.#
#.# .....# #.##.# #.# .....#
#g##.# #.# ...###
#g##.###########.#


You could see a gnoll.

Vanquished Creatures
  2 adders (D:2)
  A gnoll (D:2)
  5 endoplasms
  A giant cockroach (D:2)
  5 goblins
  4 hobgoblins
  5 kobolds
  2 quokkas (D:1)
  4 ball pythons (D:1)
  A bat (D:2)
  2 frilled lizards
  7 rats
39 creatures vanquished.

Notes
Turn   | Place    | Note
-------+----------+-------------------------------------------
     0 | D:1      | BritishOli the Demonspawn Fighter began the quest for the
                  | Orb.
     0 | D:1      | Reached XP level 1. HP: 18/18 MP: 1/1
   356 | D:1      | Gained mutation: You may rarely emit foul miasma when
                  | damaged in melee. [demonic ancestry]
   356 | D:1      | Reached XP level 2. HP: 16/24 MP: 2/2
   972 | D:2      | Reached XP level 3. HP: 17/29 MP: 3/3
  1859 | D:2      | Hit by a stone thrown by a gnoll

Illustrated notes

Levels and vault maps discovered:
D:1:      dpeg_arrival_rooms_c, layout_rooms, amcnicky_mini_corridor_feature
D:2:      layout_loops_ring, serial_rivers, chequers_serial_rivers_micro_c,
          chequers_serial_rivers_small_a, chequers_serial_rivers_micro_d,
          chequers_serial_rivers_micro_a, basic_altar

Skill      XL: |  1  2 |
---------------+-------+-----
Long Blades    | 2 |  2.4
Shields        | 3 |  3.2
Armour         | 3 |  3.2
Fighting       | |  3.5

Action                   || total
-------------------------++-------
Melee: Long sword        ||   121
Armor: Scale mail        ||    53
Dodge: Dodged            ||    61
Block: Buckler           ||    26

Table legend: (Time is in decaauts)
 A = Elapsed time spent in this place.
 B = Non-inter-level travel time spent in this place.
 C = Inter-level travel time spent in this place.
 D = Time resting spent in this place.
 E = Time spent auto-exploring this place.
 F = Levels seen in this place.
 G = Mean time per level.
                   A        B        C        D        E       F      G
               +--------+--------+--------+--------+--------+-----+--------+
         Total |   1900 |   1884 |     16 |    453 |   1092 |   2 |  950.0 |
       Dungeon |   1900 |   1884 |     16 |    453 |   1092 |   2 |  950.0 |
               +--------+--------+--------+--------+--------+-----+--------+

Top non-repeatable levels by time:
     D:2: 953 daAuts
     D:1: 947 daAuts
